 Dungeon Crawl Stone Soup version 0.17-a0-957-ga3519be (webtiles) character file.

486 FedoraBrony69 the Conjurer (level 6, 0/32 HPs)
             Began as a Deep Elf Conjurer on May 7, 2015.
             Slain by a phantom (7 damage)
             ... on level 4 of the Dungeon.
             The game lasted 00:08:28 (3884 turns).

FedoraBrony69 the Conjurer (Deep Elf Conjurer)      Turns: 3884, Time: 00:08:28

Health: 0/32       AC:  2    Str:  5    XL:     6   Next: 89%
Magic:  5/17       EV: 13    Int: 22    God:
Gold:   53         SH:  0    Dex: 15    Spells: 3 memorised, 7 levels left

rFire  . . .     SeeInvis .     l - +0 short sword (elec)
rCold  . . .     Clarity  .     a - +0 robe
rNeg   . . .     SustAb   .     (no shield)
rPois  .         Gourm    .     (no helmet)
rElec  .         Spirit   .     (no cloak)
rCorr  .         Warding  .     (no gloves)
rMut   +         Stasis   .     (no boots)
MR     .....                    k - amulet of resist mutation
Stlth  ++........               (no ring)
                                (no ring)

@: very slightly contaminated, not resistant to hostile enchantments, unstealthy
A: no striking features
a: no special abilities


You were on level 4 of the Dungeon.
You were very hungry.

You visited 1 branch of the dungeon, and saw 4 of its levels.

You collected 53 gold pieces.

Inventory:

Hand weapons
 l - a +0 short sword of electrocution (weapon)
Armour
 a - a +0 robe (worn)
Jewellery
 k - an amulet of resist mutation (around neck)
 v - an uncursed amulet of guardian spirit
Magical devices
 u - a wand of polymorph (4)
Scrolls
 e - a scroll of amnesia {unknown}
 f - 3 scrolls of identify {unknown}
 g - 3 scrolls of remove curse {unknown}
 h - 2 scrolls of fog {unknown}
 j - a scroll of enchant weapon {unknown}
 p - 4 scrolls of magic mapping {unknown}
 r - 3 scrolls of recharging {unknown}
Potions
 d - 3 potions of flight {unknown}
 i - a potion of invisibility {unknown}
 m - a potion of might {unknown}
 n - 5 potions of curing {unknown}
 o - a potion of haste {unknown}
 q - a potion of beneficial mutation {unknown}
Books
 b - a book of Conjurations

   Spells                             Type                      Level
   a - Magic Dart                     Conjuration                  1
   b - Searing Ray                    Conjuration                  2
   c - Dazzling Spray                 Conjuration/Hexes            3
   d - Fulminant Prism                Conjuration/Hexes            4
   e - Iskenderun's Mystic Blast      Conjuration                  4
   f - Iskenderun's Battlesphere      Conjuration/Charms           5
Comestibles
 c - 2 bread rations
 t - a meat ration


   Skills:
 - Level 2.4 Dodging
 - Level 2.4 Stealth
 + Level 6.4 Spellcasting
 + Level 6.8 Conjurations
 * Level 4.4 Charms


You had 7 spell levels left.
You knew the following spells:

 Your Spells              Type           Power        Failure   Level  Hunger
a - Magic Dart            Conj           ####         1%          1    None
b - Iskenderun's Battles  Conj/Chrm      ####....     28%         5    #####..
c - Iskenderun's Mystic   Conj           #####...     8%          4    ###....


Dungeon Overview and Level Annotations

Branches:
Dungeon (4/15)
 Temple: D:4-7

Altars:
Dithmenos
Elyvilon
Yredelemnul


Message History

Aiming: Iskenderun's Mystic Blast
Press: ? - help, Shift-Dir - straight line, f/p - phantom
Aim: a phantom (lightly damaged)
You miscast Iskenderun's Mystic Blast.
Strange energies run through your body.
Casting: Iskenderun's Mystic Blast
Confirm with . or Enter, or press ? or * to list all spells.
Aiming: Iskenderun's Mystic Blast
Press: ? - help, Shift-Dir - straight line, f/p - phantom
Aim: a phantom (lightly damaged)
The orb of energy hits the phantom.
The phantom is moderately damaged.
The orb of energy explodes!
The phantom hits you!
You barely miss the phantom.
The phantom is moderately damaged.
The phantom hits you.
* * * LOW HITPOINT WARNING * * *
You hit the phantom.
The phantom is moderately damaged.
The phantom hits you!
You die...

....... #.# ....).. #.# #..)..
#.# #####. #.# #.. #.#
########.# #.# ####
##.....#..# #.# ##..##
##........## ##.## ##...@##
#..........# ##...# ##....W.#
#..........# #....#
##.......## #.........# ..##.#
##.........# #........##
####.####..........##
#.......# #
##................####......##
##.####......................#
#..# ##............###.....##
##.## #............# ##..###


You could see a phantom.

Vanquished Creatures
  The ghost of FedoraBrony69 the Conjurer, an average DECj (D:3)
  A phantom (D:2)
  A crimson imp (D:4)
  2 orc wizards (D:3)
  Jessica (D:2)
  A worker ant (D:4)
  A worker ant zombie (D:3)
  3 adders
  A giant eyeball (D:3)
  2 oozes (D:3)
  3 worms
  5 giant geckos
  9 orcs
  5 bats
  A giant cockroach (D:1)
  7 goblins
  8 hobgoblins
  8 jackals
  3 quokkas
  A ball python (D:1)
  A giant newt (D:2)
  13 kobolds
  5 rats
83 creatures vanquished.

Notes
Turn   | Place    | Note
--------------------------------------------------------------
     0 | D:1      | FedoraBrony69, the Deep Elf Conjurer, began the quest for the Orb.
     0 | D:1      | Reached XP level 1. HP: 10/10 MP: 6/6
    59 | D:1      | Reached XP level 2. HP: 15/15 MP: 1/8
   509 | D:1      | Reached skill level 5 in Conjurations
   660 | D:1      | Reached XP level 3. HP: 19/19 MP: 5/10
  1043 | D:2      | Noticed Jessica
  1047 | D:2      | Killed Jessica
  1093 | D:2      | Reached XP level 4. HP: 24/24 MP: 9/12
  1674 | D:2      | Learned a level 4 spell: Iskenderun's Mystic Blast
  1939 | D:3      | Reached skill level 5 in Spellcasting
  1949 | D:3      | Found a white marble altar of Elyvilon.
  2007 | D:3      | Noticed FedoraBrony69's ghost (average DECj)
  2095 | D:2      | Noticed a phantom
  2107 | D:2      | Killed a phantom
  2107 | D:2      | Reached skill level 6 in Conjurations
  2107 | D:2      | Reached XP level 5. HP: 11/28 MP: 1/15
  2129 | D:2      | Learned a level 5 spell: Iskenderun's Battlesphere
  2293 | D:3      | Killed FedoraBrony69's ghost
  2293 | D:3      | Reached XP level 6. HP: 32/32 MP: 3/17
  2812 | D:3      | Found a basalt altar of Yredelemnul.
  2993 | D:3      | Found a shadowy altar of Dithmenos.
  3884 | D:4      | Slain by a phantom

Action                   |  1- 3 |  4- 6 || total
-------------------------+-------+-------++-------
Melee: Unarmed           |     2 |       ||     2
       Club              |     4 |       ||     4
       Short sword       |       |    12 ||    12
 Cast: Magic Dart        |    67 |   148 ||   215
       Iskenderun's Myst |       |    11 ||    11
Evoke: Wand              |       |     1 ||     1
  Eat: Chunk             |       |     9 ||     9
